 Dungeon Crawl Stone Soup version 0.31-a0-654-gbe3e110b4e (webtiles) character file.

Game seed: 11929889740146602875

11023 bmack86 the Severer (level 11, -2/92 HPs)
             Began as a Minotaur Fighter on Aug 29, 2023.
             Was an Elder of Okawaru.
             Slain by a sixfirhy (9 damage)
             ... summoned by an obsidian statue
             ... on level 10 of the Dungeon.
             The game lasted 00:22:43 (9405 turns).

bmack86 the Severer (Minotaur Fighter)              Turns: 9405, Time: 00:22:44

Health: -2/92      AC: 21    Str: 26    XL:     11   Next: 43%
Magic:  9/15       EV:  8    Int:  5    God:    Okawaru [****..]
Gold:   762        SH:  6    Dex:  9    Spells: 10/10 levels left

rFire   . . .        a - +2 war axe
rCold   . . .        c - +0 buckler
rNeg    . . .        G - +0 plate armour
rPois   +            (helmet restricted)
rElec   .            j - +1 cloak
rCorr   .            H - +0 pair of gloves
SInv    .            q - +2 pair of boots {Fly}
Will    .....        (no amulet) Stlth
                     C - ring of poison resistance
HPRegen 0.35/turn    (no ring)
MPRegen 0.14/turn

%: no passive effects
@: heroic, finesse-ful, flying, mesmerised, studying Fighting
A: horns 2, retaliatory headbutt
a: Renounce Religion, Heroism, Finesse


You were on level 10 of the Dungeon.
You worshipped Okawaru.
Okawaru was greatly pleased with you.
You visited 2 branches of the dungeon, and saw 11 of its levels.
You also visited: Sewer.

You collected 762 gold pieces.

Inventory:

Hand Weapons
 a - a +2 war axe (weapon)
 h - the +5 Force Lance {heavy, knockback}
   (You found it on level 2 of the Dungeon)
Missiles
 J - 4 curare-tipped darts
Armour
 c - a +0 buckler (worn)
 j - a +1 cloak (worn)
 q - a +2 pair of boots of flying (worn)
 D - a +1 chain mail of cold resistance
 G - a +0 plate armour (worn)
 H - a +0 pair of gloves (worn)
Jewellery
 i - an amulet of guardian spirit
 B - a ring of ice
 C - a ring of poison resistance (left hand)
Wands
 g - a wand of polymorph (11) (quivered)
 v - a wand of acid (5)
 y - a wand of digging (6)
 F - a wand of flame (6)
 K - a wand of mindburst (7)
Scrolls
 e - 3 scrolls of immolation
 l - 4 scrolls of teleportation
 p - 2 scrolls of vulnerability
 t - a scroll of butterflies
 u - 2 scrolls of amnesia
 A - a scroll of blinking
 E - a scroll of poison {unknown}
 I - a scroll of brand weapon {unknown}
Potions
 b - 3 potions of mutation
 d - a potion of might
 f - a potion of ambrosia
 k - 5 potions of curing
 m - 2 potions of lignification
 n - 2 potions of haste
 o - a potion of brilliance
 r - a potion of enlightenment
 s - a potion of cancellation
 w - a potion of resistance
 x - a potion of magic {unknown}
 z - a potion of degeneration {unknown}


   Skills:
 * Level 7.4(12.4) Fighting
 - Level 18.0(23.0) Axes
 + Level 5.1(10.1) Armour
 - Level 5.0(10.0) Shields
 + Level 7.6 Invocations


You had 10 spell levels left.
You didn't know any spells.
Your spell library contained the following spells:

 Spells                   Type           Power      Damage    Failure   Level
 Apportation              Tloc           0%         N/A       99%         1
 Magic Dart               Conj           0%         1d3       99%         1
 Necrotise                Necr           0%         1d4       99%         1
 Ensorcelled Hibernation  Hex/Ice        0%         N/A       100%        2
 Lesser Beckoning         Tloc           0%         N/A       100%        2
 Passwall                 Tmut/Erth      0%         N/A       100%        2
 Scorch                   Fire           0%         2d5       100%        2
 Static Discharge         Conj/Air       0%         2-2/arc   100%        2
 Gell's Gravitas          Tloc           0%         N/A       100%        3
 Mephitic Cloud           Conj/Pois/Air  0%         N/A       100%        3
 Portal Projectile        Hex/Tloc       0%         N/A       100%        3
 Swiftness                Air            0%         N/A       100%        3
 Teleport Other           Tloc           0%         N/A       100%        3
 Airstrike                Air            0%         2d(0-16)  100%        4
 Anguish                  Hex/Necr       0%         N/A       100%        4
 Flame Wave               Conj/Fire      0%         2d4       100%        4
 Iskenderun's Mystic Bla  Conj/Tloc      0%         2d3       100%        4
 Orb of Destruction       Conj           0%         9d5       100%        7
 Summon Small Mammal      Summ           Unusable   N/A       N/A         1
 Call Imp                 Summ           Unusable   N/A       N/A         2
 Summon Guardian Golem    Hex/Summ       Unusable   N/A       N/A         3
 Tukima's Dance           Hex            Unusable   N/A       N/A         3
 Summon Lightning Spire   Summ/Air       Unusable   N/A       N/A         4
 Summon Cactus Giant      Summ           Unusable   N/A       N/A         6
 Spellforged Servitor     Conj/Summ      Unusable   N/A       N/A         7

Dungeon Overview and Level Annotations

Branches:
Dungeon (10/15)            Temple (1/1) D:4            Lair (0/5) D:8
  Sewer (visited)
    Orc: D:9-12

Altars:
Ashenzari
Cheibriados
Dithmenos
Elyvilon
Fedhas
Gozag
Hepliaklqana
Kikubaaqudgha
Makhleb
Nemelex Xobeh
Okawaru
Qazlal
Ru
Sif Muna
Trog
Uskayaw
Vehumet
Wu Jian
Xom
Yredelemnul
Zin
The Shining One

Shops:
D:4 *

Annotations:
D:10 exclusion: obsidian statue


Innate Abilities, Weirdness & Mutations

You have a pair of horns on your head.
You reflexively headbutt those who attack you in melee.


Message History

You block the sixfirhy's attack. The sixfirhy hits you!
The sixfirhy shocks you!
The obsidian statue's eyes glow briefly.
The obsidian statue draws you further into its thrall.
You block the sixfirhy's attack.
The obsidian statue's eyes glow briefly.
Unknown command.
You closely miss the sixfirhy.
The sixfirhy is lightly wounded.
You hit the sixfirhy.
The obsidian statue's eyes glow briefly.
You closely miss the sixfirhy. Your headbutt misses the sixfirhy.
The sixfirhy is lightly wounded.
You barely miss the sixfirhy. The sixfirhy hits you! The sixfirhy shocks you!
Unknown command.
You can now deal lightning-fast blows.
The sixfirhy hits you. The sixfirhy shocks you! The sixfirhy hits you.
The sixfirhy shocks you!
* * * LOW HITPOINT WARNING * * *
The sixfirhy hits you.
* * * LOW HITPOINT WARNING * * *
The sixfirhy shocks you!
* * * LOW HITPOINT WARNING * * *
You block the sixfirhy's attack. The sixfirhy barely misses you.
You furiously retaliate!
You headbutt the sixfirhy!
The obsidian statue's eyes glow briefly.
The obsidian statue draws you further into its thrall.
The sixfirhy hits you but does no damage.
The shadow imp sputters.
The shadow imp closely misses you.
The sixfirhy hits you but does no damage.
You slice the sixfirhy!! Your headbutt misses the sixfirhy.
The sixfirhy is almost dead.
You completely miss the sixfirhy. You barely miss the shadow imp.
You block the sixfirhy's attack.
The sixfirhy hits you but does no damage.
The sixfirhy hits you.
* * * LOW HITPOINT WARNING * * *
The sixfirhy shocks you!
You die...

....# ##... ...## ##.. ...# ##.#
...###########################..#
#.##.........................#.##
...............................#
....########.........###########
##### ###.....### ##.@.## #335#
##5## ###### #"# ###....#### #8#
###.........# ### #............
#..<......... #............[..
....##......[....


You could see an obsidian statue (mesmerising), 2 sixfirhies, an iron imp
(summoned) and a shadow imp (summoned).

Vanquished Creatures
  A boulder beetle (D:7)
  A centaur warrior (D:8)
  A two-headed ogre (D:9)
  A deep elf pyromancer (D:8)
  2 cyclopes (D:7)
  Joseph (D:8)
  A gargoyle (D:7)
  A komodo dragon (D:8)
  A troll (D:7)
  Grinder (D:3)
  A blink frog (D:10)
  A wyvern (D:8)
  11 yaks
  4 steam dragons
  A vampire mosquito (D:7)
  3 basilisks
  3 acid dragons
  5 water moccasins
  2 orc warriors
  A swamp drake (D:8)
  A black bear (D:6)
  3 ice beasts
  A tengu (D:6)
  2 centaurs
  4 ogres
  A phantom (D:6)
  A kobold brigand (D:7)
  2 bullfrogs (Sewer)
  4 scorpions
  2 gnoll sergeants
  5 killer bees (D:9)
  A howler monkey (D:10)
  3 orc priests
  A sleepcap (D:7)
  3 hounds
  2 jellies
  3 iguanas
  Terence (D:2)
  7 orc wizards
  9 gnolls
  17 adders
  5 river rats
  A shadow imp (D:7)
  3 white imps
  2 worms
  A dart slug (D:2)
  30 orcs
  15 ball pythons
  3 bats (D:2)
  5 endoplasms
  4 giant cockroaches
  8 hobgoblins
  3 jackals (D:1)
  5 quokkas
  8 frilled lizards
  6 goblins
  16 kobolds
  35 rats
266 creatures vanquished.

Notes
Turn   | Place    | Note
-------+----------+-------------------------------------------
     0 | D:1      | bmack86 the Minotaur Fighter began the quest for the Orb.
     0 | D:1      | Reached XP level 1. HP: 19/19 MP: 0/0
   135 | D:1      | Reached XP level 2. HP: 26/26 MP: 1/1
   416 | D:1      | Reached skill level 3 in Axes
   638 | D:2      | Found the +5 Force Lance {heavy, knockback}
   664 | D:2      | Reached XP level 3. HP: 31/31 MP: 2/2
   975 | D:2      | Reached skill level 5 in Shields
  1046 | D:2      | Noticed Terence
  1056 | D:2      | Killed Terence
  1057 | D:2      | Reached skill level 4 in Axes
  1057 | D:2      | Reached XP level 4. HP: 34/39 MP: 3/3
  1444 | D:3      | Found an ornate altar of the Wu Jian Council.
  1451 | D:3      | Noticed a spectral centipede
  1451 | D:3      | Noticed a spectral black mamba
  1451 | D:3      | Noticed a spectral cane toad
  1477 | D:3      | Reached skill level 5 in Axes
  1505 | D:3      | Noticed Grinder
  1511 | D:3      | Killed Grinder
  1512 | D:3      | Reached skill level 7 in Axes
  1512 | D:3      | Reached XP level 5. HP: 21/45 MP: 4/4
  1512 | D:3      | Reached XP level 6. HP: 24/51 MP: 5/5
  2009 | D:3      | Found a basalt altar of Yredelemnul.
  2083 | D:4      | Found a glowing golden altar of the Shining One.
  2199 | D:4      | Found Xoma's General Store.
  2267 | D:4      | Reached skill level 8 in Axes
  2310 | D:4      | Found a staircase to the Ecumenical Temple.
  2319 | Temple   | Entered the Ecumenical Temple
  2574 | D:4      | Found a shimmering blue altar of Sif Muna.
  2799 | D:4      | Reached XP level 7. HP: 5/57 MP: 6/6
  2986 | D:4      | Found a hide-covered altar of Uskayaw.
  3007 | D:5      | Entered Level 5 of the Dungeon
  3011 | D:5      | Reached skill level 9 in Axes
  3019 | D:5      | a scorpion changed into a steam dragon
  3019 | D:5      | Noticed a steam dragon
  3024 | D:5      | Killed a steam dragon
  3025 | D:5      | Reached skill level 10 in Axes
  3055 | D:5      | Reached XP level 8. HP: 14/64 MP: 7/7
  3254 | D:5      | Reached skill level 11 in Axes
  3310 | D:5      | Found a glowing drain.
  3318 | Sewer    | Entered a sewer
  3563 | Sewer    | Reached skill level 12 in Axes
  3996 | D:6      | Reached skill level 13 in Axes
  4234 | D:6      | Reached XP level 9. HP: 35/70 MP: 8/8
  4385 | D:6      | Reached skill level 14 in Axes
  4812 | D:7      | Found an iron altar of Okawaru.
  4820 | D:7      | Became a worshipper of Warmaster Okawaru
  4929 | D:7      | Reached skill level 1 in Invocations
  5143 | D:7      | Noticed a cyclops
  5144 | D:7      | Noticed a boulder beetle
  5167 | D:7      | Killed a cyclops
  5167 | D:7      | Reached * piety under Okawaru
  5168 | D:7      | Reached skill level 15 in Axes
  5741 | D:7      | Killed a boulder beetle
  5741 | D:7      | Reached ** piety under Okawaru
  5851 | D:7      | Reached XP level 10. HP: 53/77 MP: 12/12
  5855 | D:7      | Reached skill level 16 in Axes
  5874 | D:7      | Noticed a cyclops
  5886 | D:7      | Reached skill level 5 in Invocations
  5892 | D:7      | Killed a cyclops
  5892 | D:7      | Reached *** piety under Okawaru
  6164 | D:7      | Noticed a gargoyle
  6170 | D:7      | Killed a gargoyle
  6171 | D:7      | Reached skill level 17 in Axes
  6727 | D:8      | Noticed Joseph
  6747 | D:8      | Killed Joseph
  7044 | D:8      | Noticed a deep elf pyromancer
  7050 | D:8      | Killed a deep elf pyromancer
  7079 | D:8      | Noticed a centaur warrior
  7091 | D:8      | Killed a centaur warrior
  7091 | D:8      | Reached **** piety under Okawaru
  7092 | D:8      | Reached XP level 11. HP: 23/82 MP: 12/15
  7336 | D:8      | Reached skill level 18 in Axes
  7809 | D:8      | Found a staircase to the Lair.
  8018 | D:9      | Noticed a two-headed ogre
  8028 | D:9      | Killed a two-headed ogre
  8029 | D:9      | Reached skill level 5 in Fighting
  8224 | D:9      | Identified a scroll of acquirement
  8224 | D:9      | Acquired a manual of Fighting
  8956 | D:10     | Entered Level 10 of the Dungeon
  9000 | D:10     | Reached skill level 5 in Armour
  9242 | D:10     | Noticed Sonja
  9243 | D:10     | Sonja changed into Sonja the blink frog
  9243 | D:10     | Noticed Sonja
  9251 | D:10     | Killed Sonja the blink frog
  9390 | D:10     | Noticed an obsidian statue
  9397 | D:10     | Noticed a sixfirhy
  9397 | D:10     | Noticed a sixfirhy
  9405 | D:10     | Slain by a sixfirhy

Illustrated notes

Levels and vault maps discovered:
D:1:      minmay_arrival_loop, layout_basic, minmay_small_reverse_x
D:2:      layout_basic, chequers_big_river, minmay_misc_feat_chi, uniq_terence
D:3:      layout_rooms, pdpol_wu_jian_five_deadly_venoms,
          mainiacjoe_overflow_alcove_4, kennysheep_another_room, minivault_14,
          grunt_decor_junction, uniq_grinder
D:4:      layout_basic, mainiacjoe_overflow_24_doors, amcnicky_altar_gilded,
          nicolae_uskayaw_dance_hall, minmay_temple_entry_offerings,
          serial_shops, nicolae_shop_real_fake_doors, minmay_misc_feat_rugged,
          grunt_ministairs_11
D:5:      layout_rooms, gup_sewer_entry_bubbles
D:6:      layout_rooms, grunt_ministairs_10, chequers_serial_rivers_micro_c,
          grunt_decor_fettered
D:7:      minmay_the_grid_triangle_9x9_rhombus_thin
          [minmay_the_grid_triangle_9x9_semitri,
          minmay_the_grid_triangle_9x9_prize_top_heavy,
          minmay_the_grid_triangle_9x9_warning,
          minmay_the_grid_triangle_9x9_corrupted_corridor], layout_basic,
          okawaru_ov_weapons_minmay
D:8:      layout_rooms, erik_lair_dragon, kb_rosetta, uniq_joseph
D:9:      layout_basic
D:10:     minmay_statue_hallways, layout_cave_pods, uniq_sonja
Temple:   eino_temple_rhombus

Skill      XL: |  1  2  3  4  5  6  7  8  9 10 11 |
---------------+----------------------------------+-----
Shields        | 4 5 |  5.0
Axes           | 3 4 7 8 10 13 15 17 18 | 18.0
Invocations    | 4 6 7 |  7.6
Fighting       | 7 |  7.4
Armour         | 5 |  5.1

Action                     |  1- 3 |  4- 6 |  7- 9 | 10-12 || total
---------------------------+-------+-------+-------+-------++-------
  Melee: War axe           |    71 |    78 |   241 |   264 ||   654
         Headbutt          |     5 |    15 |    35 |    43 ||    98
         Unarmed           |     4 |       |       |       ||     4
 Invoke: Heroism           |       |       |     1 |     6 ||     7
         Finesse           |       |       |       |     1 ||     1
  Evoke: Wand              |       |     1 |     5 |     1 ||     7
    Use: Scroll            |     3 |       |    11 |     9 ||    23
         Potion            |       |       |     1 |     1 ||     2
 Armour: Scale mail        |    60 |    40 |    15 |       ||   115
         Chain mail        |       |       |    95 |    95 ||   190
         Plate armour      |       |       |       |    15 ||    15
  Dodge: Dodged            |    66 |    24 |   117 |    69 ||   276
  Block: Buckler           |    26 |    10 |    48 |    52 ||   136

Table legend: (Time is in decaauts)
 A = Elapsed time spent in this place.
 B = Non-inter-level travel time spent in this place.
 C = Inter-level travel time spent in this place.
 D = Time resting spent in this place.
 E = Time spent auto-exploring this place.
 F = Levels seen in this place.
 G = Mean time per level.
                   A        B        C        D        E       F      G
               +--------+--------+--------+--------+--------+-----+--------+
         Total |   9401 |   9223 |    178 |    572 |   5910 |  12 |  783.4 |
       Dungeon |   9061 |   8883 |    178 |    525 |   5910 |  10 |  906.1 |
        Temple |      1 |      1 |      0 |      0 |      0 |   1 |    1.0 |
         Sewer |    338 |    338 |      0 |     47 |      0 |   1 |  338.0 |
               +--------+--------+--------+--------+--------+-----+--------+

Top non-repeatable levels by time:
     D:7: 1719 daAuts
     D:8: 1377 daAuts
     D:9: 1018 daAuts
     D:4: 949 daAuts
     D:6: 786 daAuts
     D:2: 759 daAuts
     D:3: 695 daAuts
     D:5: 663 daAuts
     D:1: 653 daAuts
    D:10: 439 daAuts
   Sewer: 338 daAuts
  Temple: 1 daAuts
